Map: Pillars of Gold LE

Players

Lambo

  • Race: Zerg Zerg
  • Spawn Location: 1:00

TIME (Oliveira) - Winner!

  • Race: Terran Terran
  • Spawn Location: 7:00

Event: War Chest Team League

VOD

Have the link to the VOD?

Description

Time

  • Played on: Aug. 7, 2020, 5:24 a.m.
  • Length: 8:17
Show
View Real Time Build Order
Export as new Build Order

Lambo Zerg 

Build Orders: Hatch First, Muta Ling Bane 

Get SALT Encoding   

  12  0:00  Drone  
  13  0:12  Overlord  
  13  0:18  Drone  
  14  0:32  Drone x2  
  16  0:50  Hatchery  
  16  0:53  Drone  
  17  0:57  Drone  
  17  1:00  Drone  
  18  1:10  Extractor  
  17  1:15  Spawning Pool  
  16  1:19  Drone  
  16  1:22  Drone  
  18  1:29  Drone  
  19  1:39  Drone  
  20  1:49  Overlord  
  20  2:02  Zergling x2, Queen x2  
  20  2:03  Zergling x2  
  26  2:13  Metabolic Boost  
  26  2:15  Drone x2  
  28  2:23  Drone x2  
  30  2:33  Drone  
  30  2:39  Queen  
  30  2:41  Queen  
  35  2:44  Drone  
  35  2:48  Drone  
  36  2:51  Overlord  
  36  2:56  Overlord  
  36  3:10  Drone x3  
  36  3:11  Drone x2  
  41  3:18  Zergling x2  
  42  3:20  Lair  
  42  3:21  Drone  
  42  3:22  Drone  
  42  3:23  Extractor  
  43  3:34  Hatchery  
  43  3:36  Drone  
  43  3:42  Drone x2  
  43  3:43  Drone  
  43  3:46  Drone  
  47  3:48  Drone  
  47  3:52  Drone, Baneling Nest  
  47  3:54  Drone  
  49  3:56  Drone  
  49  3:58  Drone  
  49  4:02  Drone  
  52  4:04  Extractor  
  52  4:05  Drone, Extractor  
  52  4:07  Overlord  
  51  4:21  Zergling x2  
  51  4:25  Queen, Spire  
  51  4:26  Overlord  
  51  4:27  Zergling x2  
  51  4:30  Drone  
  55  4:31  Drone  
  55  4:32  Drone  
  56  4:39  Zergling x6  
  58  4:49  Zergling x4  
  46  5:03  Drone x3  
  45  5:09  Drone  
  46  5:15  Drone  
  46  5:18  Drone x2  
  49  5:22  Drone x2  
  49  5:27  Drone  
  49  5:28  Drone  
  53  5:40  Drone  
  53  5:41  Drone x2  
  56  5:47  Mutalisk x3  
  61  5:51  Mutalisk  
  63  6:00  Drone x5  
  63  6:02  Drone  
  69  6:05  Mutalisk x2  
  69  6:07  Drone  
  74  6:19  Overlord  
  74  6:22  Overlord  
  74  6:23  Zerg Flyer Weapons Level 1  
  74  6:24  Centrifical Hooks  
  74  6:29  Overlord  
  74  6:38  Mutalisk  
  76  6:40  Drone x9  
  76  6:41  Drone  
  76  6:43  Mutalisk  
  88  6:48  Drone x2  
  88  6:49  Overlord  
  88  6:51  Drone x2  
  88  6:54  Zergling x2  
  93  6:59  Zergling x8  
  97  7:04  Zergling x2  
  97  7:06  Overlord x2  
  97  7:07  Overlord  
  98  7:12  Overlord  
  98  7:15  Zergling x2, Overlord  
  96  7:16  Zergling x2  
  96  7:21  Baneling x6  
  98  7:28  Overlord  
  98  7:30  Zergling x10  
  98  7:35  Extractor  
  102  7:37  Extractor  
  102  7:39  Zergling x8, Baneling x5  
  105  7:44  Zergling x8  
  105  7:46  Baneling  
  105  7:48  Zergling x6  
  108  7:53  Zergling x10  
Show
View Real Time Build Order
Export as new Build Order

TIME Terran - Winner!

Build Orders: Hellion Opening, Liberator Opening, Reaper Expand 

Get SALT Encoding   

  12  0:00  SCV  
  13  0:12  SCV  
  14  0:18  Supply Depot  
  14  0:25  SCV  
  15  0:39  SCV  
  15  0:42  Barracks  
  16  0:46  Refinery  
  16  0:51  SCV  
  17  1:04  SCV  
  18  1:16  SCV  
  19  1:29  Reaper, Orbital Command  
  20  1:43  Command Center  
  20  1:53  Supply Depot  
  20  1:55  SCV  
  21  2:01  Marine  
  21  2:07  SCV  
  23  2:11  Factory  
  23  2:19  SCV  
  23  2:21  Refinery  
  24  2:25  Barracks Reactor  
  24  2:40  SCV  
  25  2:53  SCV  
  25  2:57  Starport  
  26  3:02  Orbital Command  
  26  3:05  SCV  
  27  3:06  Hellion x2  
  27  3:10  Marine  
  32  3:18  SCV  
  33  3:27  Hellion x2  
  33  3:28  Marine  
  33  3:29  SCV  
  33  3:30  SCV  
  33  3:33  Supply Depot, Medivac  
  42  3:41  SCV  
  42  3:42  SCV  
  42  3:46  Marine  
  45  3:52  Supply Depot  
  45  3:54  SCV  
  45  3:55  Hellion x2  
  50  3:56  SCV  
  51  4:03  Liberator  
  51  4:07  Barracks Tech Lab  
  54  4:14  SCV x2  
  56  4:24  Command Center  
  56  4:27  SCV  
  56  4:29  Factory Reactor  
  57  4:31  SCV  
  57  4:32  Stimpack  
  57  4:34  Supply Depot  
  58  4:40  SCV  
  58  4:44  SCV  
  59  4:52  SCV  
  58  4:56  SCV, Barracks  
  58  4:57  Barracks  
  53  5:04  SCV  
  53  5:05  Marine  
  51  5:08  SCV  
  51  5:09  Starport Reactor  
  51  5:14  Factory Tech Lab  
  52  5:16  SCV  
  52  5:18  Engineering Bay x2, Refinery  
  52  5:20  SCV  
  54  5:23  Marine  
  54  5:25  Refinery  
  54  5:28  SCV  
  56  5:32  SCV, Engineering Bay  
  56  5:34  Engineering Bay  
  57  5:40  SCV  
  58  5:43  Marine  
  58  5:44  SCV, Siege Tank  
  58  5:49  Marine x2  
  65  5:51  Terran Infantry Weapons Level 1, Terran Infantry Armor Level 1  
  65  5:52  SCV  
  65  5:55  Marine x2  
  65  5:56  Barracks x2  
  68  5:58  SCV  
  68  6:00  Orbital Command  
  68  6:01  Marine  
  70  6:07  Marine x2  
  70  6:10  Missile Turret x2  
  72  6:11  SCV x2  
  72  6:13  Marine  
  72  6:18  Marine x2  
  75  6:19  Missile Turret  
  75  6:22  Supply Depot  
  77  6:29  SCV x2, Marine  
  77  6:31  Marine, Siege Tank  
  84  6:37  Orbital Command  
  84  6:38  Combat Shield  
  84  6:43  Medivac x2  
  84  6:45  Supply Depot  
  84  6:46  Barracks Reactor x2  
  88  6:47  Supply Depot  
  88  6:48  Marine  
  88  6:50  Marine  
  88  6:52  SCV x2  
  92  6:59  Marine  
  92  7:00  Supply Depot  
  93  7:07  SCV, Marine, Siege Tank  
  98  7:10  Missile Turret  
  98  7:11  Marine  
  98  7:14  Supply Depot  
  98  7:15  Marine  
  99  7:16  Supply Depot, Marine  
  99  7:18  SCV x2  
  99  7:19  Medivac  
  99  7:21  Marine  
  106  7:23  SCV  
  106  7:28  Armory  
  104  7:30  Marine  
  104  7:32  Marine x2  
  104  7:33  Marine  
  109  7:37  SCV, Marine x2  
  109  7:43  Medivac  
  113  7:47  Marine  
  113  7:48  Marine  
  115  7:51  Marine  
  115  7:52  Marine  
  108  7:59  Marine  
Tags
 
Add a new tag
Caveats
  • Supply blocks, unpowered buildings, or Contaminate may cause inaccurate times.
  • Supply counts are checked every 10 seconds.